 Dungeon Crawl Stone Soup version 0.28.0-43-g3370ac3207 (webtiles) character file.

Game seed: 997830772772925211

3258 porpoise the Fighter (level 10, -1/78 HPs)
             Began as a Djinni Conjurer on Mar 20, 2022.
             Was an Initiate of Ashenzari.
             Shot with an arrow by a centaur warrior (13 damage)
             ... on level 8 of the Dungeon.
             The game lasted 00:27:35 (9846 turns).

porpoise the Fighter (Djinni Conjurer)              Turns: 9846, Time: 00:27:36

Health: -1/78      AC:  5    Str:  8    XL:     10   Next: 19%
Gold:   519        EV: 19    Int: 21    God:    Ashenzari [......] SH:  0 Dex: 19

rFire   + + .      SeeInvis .   b - +0 hunting sling
rCold   x . .      Faith    .   (no shield)
rNeg    . . .      Spirit   .   d - +0 robe
rPois   ∞          Reflect  .   E - +1 helmet
rElec   +          Harm     .   A - +0 cloak
rCorr   +          Rampage  .   (no gloves)
Will    +....                   (boots unavailable)
Stlth   ++........              (no amulet)
HPRegen 0.23/turn               g - +4 ring of evasion
MPRegen 0.00/turn               f - ring of Ashenzari's Mutualism {rElec rCorr Dex+6 Slay+5 Stlth-, Self, Range} (curse)

@: flying
A: sickness immunity, fire resistance 2, cold vulnerability 1, float, innate
caster, HP casting, extra vitality 1
a: Renounce Religion, Shatter the Chains


You were on level 8 of the Dungeon.
You worshipped Ashenzari.
Ashenzari was noncommittal.
You visited 2 branches of the dungeon, and saw 9 of its levels.

You collected 519 gold pieces.

Inventory:

Hand Weapons
 a - a +0 short sword of electrocution
 b - a +0 hunting sling (weapon)
Missiles
 c - 248 stones (quivered ammo)
 e - 82 arrows
 i - 67 sling bullets
 p - 4 poisoned darts
 w - 4 atropa-tipped darts
 D - 9 boomerangs
 G - 12 bolts
 I - 6 javelins
Armour
 d - a +0 robe (worn)
 A - a +0 cloak (worn)
 E - a +1 helmet (worn)
Jewellery
 f - the cursed ring of Ashenzari's Mutualism (right hand) {rElec rCorr Dex+6 Slay+5 Stlth-, Self, Range}
   (You acquired it on level 8 of the Dungeon)

   [ring of dexterity]

   Dex:       It affects your dexterity (+6).
   Slay:      It affects your accuracy & damage with ranged weapons and melee
   (+5).
   rElec:     It insulates you from electricity.
   rCorr:     It protects you from acid and corrosion.
   Stlth:     It makes you less stealthy.
   It has a curse which improves the following skills: Introspection: Fighting
   and Spellcasting.
   Ranged Combat: Slings, Bows, Crossbows and Throwing.
 g - a +4 ring of evasion (left hand)
 j - a +4 ring of evasion
 t - a +4 ring of slaying
 v - a ring of protection from fire
Wands
 h - a wand of digging (4)
 o - a wand of paralysis (9)
 s - a wand of flame (81)
Scrolls
 k - 2 scrolls of identify
 l - a scroll of enchant weapon {unknown}
 m - 4 scrolls of magic mapping
 n - a scroll of enchant armour
 J - a scroll of noise {unknown}
Potions
 u - a potion of mutation {unknown}
 x - 2 potions of brilliance
 z - a potion of attraction {unknown}
 B - a potion of curing
 F - a potion of ambrosia {unknown}
 H - a potion of invisibility {unknown}


   Skills:
 - Level 8.5(9.0) Fighting
 * Level 5.9 Dodging
 - Level 5.0 Stealth
 - Level 6.9(7.3) Spellcasting


You had one spell level left.
You knew the following spells:

 Your Spells              Type           Power      Damage    Failure   Level
a - Magic Dart            Conj           100%       1d8       1%          1
b - Searing Ray           Conj           76%        2d7       1%          2
c - Fulminant Prism       Conj/Hex       19%        3d11      4%          4
d - Iskenderun's Mystic   Conj/Tloc      38%        2d9       4%          4
q - Apportation           Tloc           76%        N/A       1%          1
s - Passwall              Tmut/Erth      31%        N/A       1%          2
t - Teleport Other        Tloc           38%        N/A       1%          3
w - Wereblood             Tmut           38%        N/A       1%          2
z - Dazzling Flash        Conj/Hex       76%        N/A       1%          3
Your spell library was empty.

Dungeon Overview and Level Annotations

Branches:
Dungeon (8/15)             Temple (1/1) D:6
   Lair: D:8-11

Altars:
Ashenzari
Cheibriados
Dithmenos
Elyvilon
Fedhas
Gozag
Hepliaklqana
Kikubaaqudgha
Makhleb
Nemelex Xobeh
Okawaru
Qazlal
Ru
Sif Muna
Trog
Uskayaw
Vehumet
Wu Jian
Xom
Yredelemnul
Zin
The Shining One

Shops:
D:5 (


Innate Abilities, Weirdness & Mutations

You are immune to sickness and miasma.
You are immune to poison.
Your flesh is very heat resistant. (rF++)
You are vulnerable to cold. (rC-)
You float through the air rather than walking.
You learn spells naturally, not from books.
Your magical power is your life essence.
You have superior vitality. (+4 MHP)


Message History

Things that are here:
a +0 club; a curare-tipped dart; a kobold corpse
Casting: Fulminant Prism (dangerous; 4% risk of failure)
Confirm with . or Enter, or press ? or * to list all spells.
You erupt in a blast of force!
The mystic blast hits the black bear!
The black bear is moderately wounded.
The black bear is knocked back by the mystic blast.
The black bear slams into the tree!
The black bear is severely wounded.
The mystic blast hits the red ugly thing.
The red ugly thing is almost dead.
The red ugly thing is knocked back by the mystic blast.
The red ugly thing collides with the black bear!
The black bear is severely wounded.
The red ugly thing is almost dead.
You hear a shout!
The red ugly thing completely misses you.
Your fulminant prism explodes!
The blast of energy engulfs the black bear!!
You kill the black bear!
The blast of energy engulfs the red ugly thing!!
You kill the red ugly thing!
Training target 5.0 for Stealth reached!
Your Dodging skill increases to level 5!
Your Stealth skill increases to level 5!
The centaur warrior wields a +0 shortbow.
The centaur warrior shoots an arrow.
The arrow hits you!
* * * LOW HITPOINT WARNING * * *
Okay, then.
Casting: Iskenderun's Mystic Blast (dangerous; 4% risk of failure)
Confirm with . or Enter, or press ? or * to list all spells.
Aiming: Searing Ray (safe; 1% risk of failure)
Press: ? - help, Shift-Dir - straight line, f - centaur warrior
Aim: a centaur warrior, wielding a +0 shortbow and quivering arrows (86% to hit)
The searing ray hits the centaur warrior.
The centaur warrior is lightly wounded. (Press . to maintain the ray.)
* * * LOW HITPOINT WARNING * * *
The centaur warrior shoots an arrow.
The arrow hits you!
You die...

....>###.# #.# ##.## #.# #
.#.#.....###.###.#.######.###..
#..#.###.##.....###............
#.##.###.##..#...#.#####...##
............................#
#######...#############....##
♣♣♣♣≈≈≈≈.♣♣♣≈♣♣♣ ♣.♣ #.#.##
♣♣.≈♣♣♣P≈♣P≈♣≈P♣♣♣♣.♣♣#.#.#
..≈P♣♣♣≈P♣≈P♣P≈.@..♣..#.#.#
♣♣≈♣♣♣≈≈≈≈♣♣♣♣≈♣#♣♣c♣♣#.#.#
♣♣≈♣ ♣♣≈.♣♣ ♣≈♣ ♣)♣ #.#.# ####
##### #### ### #c# #.#.# #... #
.♣♣ ♣.♣ #...# #.## #♣.≈.♣c )♣.
#...# #.# ..≈≈≈.# . .
#.#.####.# #♣. .. ..#.#......#
# .♣ .♣ ♣.#....###.#


You could see a centaur warrior.

Vanquished Creatures
  An ugly thing (D:8)
  An unseen horror (D:8)
  A hornet (D:8)
  2 water moccasins
  Duvessa (D:7)
  An orc warrior (D:8)
  An ice beast (D:5)
  3 black bears
  A black bear (shapeshifter) (D:8)
  A necrophage (D:8)
  An ogre (D:6)
  3 centaurs (D:8)
  2 kobold brigands (D:8)
  A bullfrog (D:7)
  2 scorpions
  A water moccasin zombie (D:6)
  Dowan (D:7)
  5 killer bees (D:7)
  A howler monkey (D:8)
  A centaur zombie (D:7)
  2 hounds (D:5)
  2 centaur skeletons
  A gnoll shaman (D:8)
  A bullfrog skeleton (D:6)
  An iguana (D:7)
  2 orc wizards
  A hound skeleton (D:4)
  A howler monkey skeleton (D:6)
  6 adders
  An ufetubus (D:4)
  2 worms
  2 dart slugs
  14 orcs
  4 bats
  6 endoplasms
  2 giant cockroaches
  8 goblins
  7 hobgoblins
  11 jackals
  3 quokkas
  8 ball pythons
  2 frilled lizards (D:2)
  19 kobolds
  2 rats
139 creatures vanquished.

Vanquished Creatures (others)
  10 fulminant prisms
  13 plants
23 creatures vanquished.

Grand Total: 162 creatures vanquished

Notes
Turn   | Place    | Note
-------+----------+-------------------------------------------
     0 | D:1      | porpoise the Djinni Conjurer began the quest for the Orb.
     0 | D:1      | Reached XP level 1. HP: 15/15 MP: 0/0
   216 | D:1      | Reached XP level 2. HP: 17/22 MP: 0/0
   295 | D:1      | Reached skill level 1 in Fighting
   853 | D:1      | Reached XP level 3. HP: 26/27 MP: 0/0
   853 | D:1      | Learned a level 1 spell: Apportation
  1138 | D:1      | Found a faded altar of an unknown god.
  1613 | D:1      | Reached skill level 2 in Fighting
  1896 | D:2      | Reached XP level 4. HP: 30/33 MP: 0/0
  3223 | D:3      | HP: 1/34 [orc wizard/+0 dagger (3)]
  3229 | D:3      | Reached skill level 3 in Fighting
  3229 | D:3      | Reached XP level 5. HP: 19/40 MP: 0/0
  3229 | D:3      | Learned a level 2 spell: Passwall
  3678 | D:3      | Reached XP level 6. HP: 29/46 MP: 0/0
  3937 | D:4      | Noticed a black bear
  4112 | D:4      | Noticed a black bear
  4119 | D:4      | Killed a black bear
  4120 | D:4      | Reached skill level 4 in Fighting
  4198 | D:4      | Reached XP level 7. HP: 9/53 MP: 0/0
  4198 | D:4      | Learned a level 2 spell: Wereblood
  4928 | D:5      | Entered Level 5 of the Dungeon
  5009 | D:4      | Reached skill level 5 in Spellcasting
  5221 | D:5      | Reached skill level 5 in Fighting
  5254 | D:5      | Found Luax Lua's Antique Weapon Emporium.
  5640 | D:5      | Found a glowing golden altar of the Shining One.
  6191 | D:6      | Reached XP level 8. HP: 40/61 MP: 0/0
  6364 | D:6      | Found a staircase to the Ecumenical Temple.
  6479 | Temple   | Entered the Ecumenical Temple
  6665 | Temple   | Became a worshipper of Ashenzari the Shackled
  6897 | D:7      | Reached skill level 6 in Fighting
  7028 | D:7      | Noticed Duvessa
  7029 | D:7      | Noticed Dowan
  7036 | D:7      | Killed Duvessa
  7038 | D:7      | Killed Dowan
  7192 | D:7      | HP: 2/62 [killer bee (3)]
  7664 | D:7      | Reached skill level 7 in Fighting
  7664 | D:7      | Reached XP level 9. HP: 60/68 MP: 0/0
  7664 | D:7      | Learned a level 3 spell: Teleport Other
  7911 | D:7      | Found a burning altar of Makhleb.
  8017 | D:7      | Found a bloodstained altar of Trog.
  8017 | D:7      | Found a sparkling altar of Nemelex Xobeh.
  8034 | D:7      | Found a hazy altar of Hepliaklqana.
  8037 | D:7      | Found a shadowy altar of Dithmenos.
  8039 | D:7      | Found a faded altar of an unknown god.
  8308 | D:8      | Identified a scroll of acquirement
  8308 | D:8      | Acquired the ring "Wofohadgh" {rElec rCorr Dex+6 Slay+5
                  | Stlth-}
  8479 | D:8      | Killed an unseen horror
  9129 | D:8      | Reached skill level 8 in Fighting
  9170 | D:8      | Noticed a hornet
  9175 | D:8      | Killed a hornet
  9720 | D:8      | Noticed a centaur warrior
  9807 | D:8      | Reached XP level 10. HP: 75/78 MP: 0/0
  9833 | D:8      | Noticed a red ugly thing
  9841 | D:8      | Killed a red ugly thing
  9842 | D:8      | Reached skill level 5 in Dodging
  9842 | D:8      | Reached skill level 5 in Stealth
  9846 | D:8      | Shot with an arrow by a centaur warrior

Illustrated notes

Levels and vault maps discovered:
D:1:      minmay_arrival_stair_chambers, layout_basic,
          chequers_ecumenical_altar_simple_redux, serial_bayou,
          serial_bayou_crossing, serial_bayou_lake_a, serial_bayou_shore_b,
          serial_bayou_shore_a
D:2:      layout_basic
D:3:      layout_loops_ring, minmay_misc_feat_room, minmay_misc_feat_nine_boxes,
          minmay_strange_pillars, roderic_roman_lattice
D:4:      layout_basic, kennysheep_decorative_pillar
D:5:      layout_basic, nicolae_tso_swordbearing_angel, serial_shops, shop
D:6:      wander_river, layout_basic, minmay_temple_entry_nine_rooms
D:7:      layout_loops_ring, mainiacjoe_overflow_alcove_2,
          chequers_temple_overflow_minitemple, uniq_duvessa
D:8:      nzn_winding_woodlands_medium [nzn_winding_woodlands_5x5_three,
          nzn_winding_woodlands_5x15_garden, nzn_winding_woodlands_5x5_default,
          nzn_winding_woodlands_5x5_perimeter,
          nzn_winding_woodlands_center_triple_pond,
          nzn_winding_woodlands_hourglass,
          nzn_winding_woodlands_5x5_checkerboard,
          nzn_winding_woodlands_5x15_lazy_stream,
          nzn_winding_woodlands_5x5_cross], layout_loops_corners, st_stairs_13,
          uniq_erica
Temple:   eino_temple_scatter_basement

Skill      XL: |  1  2  3  4  5  6  7  8  9 10 |
---------------+-------------------------------+-----
Fighting       | 1 2 3 4 5 7 8 |  8.5
Spellcasting   | 4 5 6 |  6.9
Stealth        | 3 4 5 |  5.0
Dodging        | 4 5 |  5.9

Action                   |  1- 3 |  4- 6 |  7- 9 | 10-12 || total
-------------------------+-------+-------+-------+-------++-------
Melee: Short sword       |       |     2 |       |       ||     2
       Hunting sling     |       |       |     1 |       ||     1
 Fire: Hunting sling     |     7 |    35 |    35 |       ||    77
 Cast: Magic Dart        |    35 |     7 |       |       ||    42
       Searing Ray       |    16 |    28 |    51 |     4 ||    99
       Fulminant Prism   |       |     1 |     7 |     2 ||    10
       Iskenderun's Myst |       |       |    12 |     4 ||    16
       Dazzling Flash    |       |       |     1 |       ||     1
Invok: Curse Item        |       |       |     1 |       ||     1
  Use: Potion            |       |     2 |     2 |       ||     4
       Scroll            |       |       |    10 |       ||    10
 Stab: Sleeping          |       |     1 |       |       ||     1
Armor: Robe              |     1 |     2 |    17 |       ||    20
Dodge: Dodged            |     5 |    18 |    63 |     4 ||    90
